 Dungeon Crawl Stone Soup version 0.31-a0-4-gefa6de2278 (webtiles) character file.

Game seed: 9448153280095976665

115000 OldManVictorn the Unseen (level 16, -2/117 (134) HPs)
             Began as a Gnoll Delver on May 3, 2023.
             Was an Elder of Ashenzari.
             Killed from afar by a tengu reaver (33 damage)
             ... with a bolt of negative energy
             ... on level 15 of the Dungeon on May 4, 2023.
             The game lasted 01:54:07 (27231 turns).

OldManVictorn the Unseen (Gnoll Delver)            Turns: 27231, Time: 01:54:07

HP:   -2/117 (134)  AC: 12    Str: 11    XL:     16   Next: 67%
MP:   20/33         EV: 22    Int: 24    God:    Ashenzari [****..]
Gold: 2462          SH: 11    Dex: 19    Spells: 17/41 levels left

rFire   + . .        N - +5 dagger "OldManVictorn's Bane" {flame, rF+ Dex+3}
rCold   . . .        K - +3 warlock's mirror {omnireflect, Cun, Bglg} (curse)
rNeg    . . .        b - +3 troll leather armour of the Ruined Repose {Regen+, Fort, Bglg} (curse)
rPois   +            F - +0 hat "Burden of Ashenzari" {rElec rPois Int+2, Bglg, Fort} (curse)
rElec   +            A - +0 cloak "Levity of Ashenzari" {Alch, Self} (curse)
rCorr   .            Q - +0 pair of gloves of Ashenzari's Shame {Cun, Alch} (curse)
SInv    +            v - +2 pair of boots of the Tethered Ordeal {Fort, Cun} (curse)
Will    +....        R - amulet of Desmomancy {RegenMP, Cun, Evo} (curse)
Stlth   ++++++++     e - +4 ring of slaying
HPRegen 1.19/turn    B - +6 ring of intelligence
MPRegen 0.63/turn

%: reflection, clarity
@: about to teleport, flayed, corroded, studying Stealth, heavily drained
A: fangs 1, strong nose, distributed training
a: Renounce Religion, Curse Item, Shatter the Chains


You were on level 15 of the Dungeon.
You worshipped Ashenzari.
Ashenzari was greatly pleased with you.
You visited 3 branches of the dungeon, and saw 22 of its levels.

You collected 3088 gold pieces.
You spent 626 gold pieces at shops.

Inventory:

Hand Weapons
 k - the +6 spear of Ceul {drain, rPois}
   (You found it on level 6 of the Dungeon)

   rPois:     It protects you from poison.
 N - the +5 dagger "OldManVictorn's Bane" (weapon) {flame, rF+ Dex+3}
   (You found it on level 11 of the Dungeon)

   Dex:       It affects your dexterity (+3).
   rF:        It protects you from fire.
Missiles
 f - 16 curare-tipped darts (quivered)
 D - 50 poisoned darts
Armour
 a - a +2 robe of the Archmagi
 b - the cursed +3 troll leather armour of the Ruined Repose (worn) {Regen+, Fort, Bglg}
   (You found it on level 11 of the Dungeon)

   Regen:     It increases your rate of health regeneration.
   It has a curse which improves the following skills: Fortitude: Armour and
   Shields.
   Beguiling: Conjurations, Hexes and Translocations.
 o - a +2 cloak
 v - the cursed +2 pair of boots of the Tethered Ordeal (worn) {Fort, Cun}
   (You found it on level 6 of the Dungeon)

   It has a curse which improves the following skills: Fortitude: Armour and
   Shields.
   Cunning:   Dodging and Stealth.
 A - the cursed +0 cloak "Levity of Ashenzari" (worn) {Alch, Self}
   (You found it on level 3 of the Dungeon)

   It has a curse which improves the following skills: Alchemy: Poison Magic and
   Transmutations.
   Introspection: Fighting and Spellcasting.
 F - the cursed +0 hat "Burden of Ashenzari" (worn) {rElec rPois Int+2, Bglg, Fort}
   (You found it on level 11 of the Dungeon)

   Int:       It affects your intelligence (+2).
   rElec:     It insulates you from electricity.
   rPois:     It protects you from poison.
   It has a curse which improves the following skills: Beguiling: Conjurations,
   Hexes and Translocations.
   Fortitude: Armour and Shields.
 K - the cursed +3 warlock's mirror (worn) {omnireflect, Cun, Bglg}
   (You found it on level 11 of the Dungeon)

   Omnireflect: It can block and reflect piercing ranged attacks and magical
   attacks against the wielder's willpower.
   It has a curse which improves the following skills: Cunning: Dodging and
   Stealth.
   Beguiling: Conjurations, Hexes and Translocations.
 Q - the cursed +0 pair of gloves of Ashenzari's Shame (worn) {Cun, Alch}
   (You found it on level 12 of the Dungeon)

   It has a curse which improves the following skills: Cunning: Dodging and
   Stealth.
   Alchemy:   Poison Magic and Transmutations.
Jewellery
 e - a +4 ring of slaying (left hand)
 n - a ring of see invisible
 B - a +6 ring of intelligence (right hand)
 I - a ring of protection from cold
 J - a ring of resist corrosion
 L - an amulet of guardian spirit
 P - a ring of protection from cold
 R - the cursed amulet of Desmomancy (around neck) {RegenMP, Cun, Evo}
   (You found it on level 12 of the Dungeon)

   [amulet of magic regeneration]

   It increases your rate of magic regeneration.
   It has a curse which improves the following skills: Cunning: Dodging and
   Stealth.
   Evocations: Evocations.
 S - a ring of willpower
 T - a +6 ring of strength
 W - a ring of ice
 Z - the ring of Jaod {MP+9 Str+3 Int-5 Dex+6 Stlth+}
   (You bought it in a shop on level 13 of the Dungeon)

   [ring of dexterity]

   Str:       It affects your strength (+3).
   Int:       It affects your intelligence (-5).
   Dex:       It affects your dexterity (+6).
   MP:        It affects your magic capacity (+9).
   Stlth:     It makes you more stealthy.
Wands
 g - a wand of digging (6)
 h - a wand of polymorph (3)
 j - a wand of flame (9)
 M - a wand of iceblast (18)
 Y - a wand of mindburst (10)
Scrolls
 c - 3 scrolls of fog
 d - 4 scrolls of magic mapping
 r - 4 scrolls of immolation
 u - 3 scrolls of amnesia
 x - 2 scrolls of silence
 y - 14 scrolls of teleportation
 z - 6 scrolls of enchant weapon
 E - 4 scrolls of brand weapon
 H - 4 scrolls of poison
 O - 5 scrolls of blinking
 U - 2 scrolls of fear
Potions
 l - 4 potions of ambrosia
 m - 7 potions of brilliance
 p - 5 potions of flight
 q - 3 potions of might
 s - 7 potions of curing
 t - a potion of cancellation
 w - 3 potions of heal wounds
 G - a potion of resistance
Miscellaneous
 i - a condenser vane (inert)


   Skills:
 + Level 13.1(14.8) Fighting
 + Level 12.3 Short Blades
 + Level 11.4 Long Blades
 + Level 11.4 Axes
 + Level 11.4 Maces & Flails
 + Level 11.4 Polearms
 + Level 11.4 Staves
 + Level 11.4 Ranged Weapons
 + Level 11.4 Throwing
 + Level 11.4(15.0) Armour
 + Level 12.3(16.6) Dodging
 + Level 16.3(20.5) Stealth
 + Level 11.4(15.0) Shields
 + Level 11.4 Unarmed Combat
 + Level 11.4(13.2) Spellcasting
 + Level 9.6(13.2) Conjurations
 + Level 9.6(13.2) Hexes
 + Level 9.6 Summonings
 + Level 9.6 Necromancy
 + Level 9.6(13.2) Translocations
 + Level 9.6(12.3) Transmutations
 + Level 9.6 Fire Magic
 + Level 9.6 Ice Magic
 + Level 9.6 Air Magic
 + Level 9.6 Earth Magic
 + Level 9.6(12.3) Poison Magic
 + Level 12.4 Invocations
 + Level 11.4(13.2) Evocations


You had 17 spell levels left.
You knew the following spells:

 Your Spells              Type           Power      Damage    Failure   Level
a - Dispel Undead         Necr           58%        3d21      1%          4
b - Freezing Cloud        Conj/Ice/Air   31%        6-21      1%          5
c - Metabolic Englaciati  Hex/Ice        31%        N/A       1%          5
d - Passage of Golubria   Tloc           68%        N/A       1%          4
e - Iron Shot             Conj/Erth      31%        9d6       8%          6

Your spell library contained the following spells:

 Spells                   Type           Power      Damage    Failure   Level
 Freeze                   Ice            100%       1d10      1%          1
 Kiss of Death            Conj/Necr      100%       2d13      1%          1
 Necrotise                Necr           100%       1d9       1%          1
 Slow                     Hex            100%       N/A       1%          1
 Cigotuvi's Dreadful Rot  Necr/Pois/Air  100%       N/A       1%          2
 Confusing Touch          Hex            68%        N/A       1%          3
 Frozen Ramparts          Ice            100%       1d16      1%          3
 Hailstorm                Conj/Ice       63%        3d13      1%          3
 Ignite Poison            Fire/Tmut/Pois 63%        N/A       1%          3
 Ozocubu's Armour         Ice            58%        N/A       1%          3
 Vampiric Draining        Necr           58%        2d10      1%          3
 Animate Armour           Summ/Erth      100%       N/A       1%          4
 Petrify                  Tmut/Erth      62%        N/A       1%          4
 Summon Ice Beast         Ice/Summ       58%        N/A       1%          4
 Blade Hands              Tmut           33%        N/A       1%          5
 Silence                  Hex/Air        31%        N/A       1%          5
 Summon Mana Viper        Hex/Summ       63%        N/A       1%          5
 Agony                    Necr           58%        N/A       2%          5
 Statue Form              Tmut/Erth      41%        N/A       9%          6
 Simulacrum               Ice/Necr       29%        N/A       16%         6
 Monstrous Menagerie      Summ           29%        N/A       63%         7
 Lehudib's Crystal Spear  Conj/Erth      31%        10d8      97%         8


Dungeon Overview and Level Annotations

Branches:
Dungeon (15/15)            Temple (0/1) D:7            Lair (5/5) D:11
 Shoals (0/4) Lair:2       Spider (0/4) Lair:3        Slime (0/5) Lair:5
    Orc (2/2) D:11            Elf (0/3) Orc:2        Vaults (0/5) D:13
 Depths (0/4) D:15

Altars:
Ashenzari
Cheibriados
Fedhas
Hepliaklqana
Makhleb
Nemelex Xobeh
Okawaru
Trog
Vehumet
Wu Jian
Xom
Jiyva

Shops:
D:12 ?   D:13 *   D:15 (   Orc:2 [:(?*


Innate Abilities, Weirdness & Mutations

You have very sharp teeth.
Your uncanny sense of smell can sniff out nearby items.
Your experience applies equally to all skills.


Message History

Confirm with . or Enter, or press ? or * to list all spells.
Aiming: Iron Shot (dangerous; 8% risk of failure)
Press: ? - help, Shift-Dir - straight line, f/p - tengu reaver
Aim: a tengu reaver, wielding a +0 war axe, wearing a +0 ring mail and wearing a +0 buckler (heavily wounded, 54% to hit)
The tengu reaver blocks the iron shot.
The tengu reaver hits you with a +0 war axe!
The tengu reaver pecks you! You block the tengu reaver's attack.
The flayed ghost cries, "Suffer as I suffered!"
Terrible wounds open up all over your body!
* * * LOW HITPOINT WARNING * * *
The terrible wounds on your body vanish.
You feel magically purged. The tengu reaver misses you.
The tengu reaver barely misses you.
The tengu reaver claws you but does no damage.
The tengu reaver attacks as you move away!
The tengu reaver completely misses you.
The tengu reaver pecks you but does no damage.
You block the tengu reaver's attack.
The tengu reaver attacks as you move away!
You block the tengu reaver's attack. x2
The tengu reaver claws you but does no damage.
The tengu reaver points at you and mumbles some strange words.
The bolt of acid hits you!!!
* * * LOW HITPOINT WARNING * * *
The acid corrodes you!
You feel much better.
The flayed ghost cries, "Feel what I felt!"
Terrible wounds open up all over your body!
* * * LOW HITPOINT WARNING * * *
The tengu reaver casts a spell at you. The bolt of negative energy hits you!!
You feel drained.
* * * LOW HITPOINT WARNING * * *
You feel much better.
The tengu reaver points at you and mumbles some strange words.
The bolt of fire misses you.
As you read the scroll of teleportation, it crumbles to dust.
You feel strangely unstable.
The tengu reaver points at you and mumbles some strange words.
The bolt of negative energy hits you!!
You feel drained.
You die...

#...### ##(.....
#.....###.......
###.......#.......
#.C...⌠.C.'....⌠..
#W#.......#.......
#c#.....###.......
#C#...### ##......
#Q#W###* ##.....
#@#.. ∆ ###'##
#.#.. , ** ,*
#.#..., ∆ **
#.#(.. ,* ** , ,
#.###.., ,∆ ,, ,
#...#∆ { , ###.###
,, *, ,.. #..[#∆,
,', ...
###.#*#######'##


You could see a tengu reaver, an ettin, a flayed ghost, a centaur warrior and a
cyclops.

Vanquished Creatures
  Rupert (D:13)
  Jorgrun (D:13)
  Frances (D:13)
  Kirke (D:14)
  An orc warlord (Orc:2)
  A dire elephant (D:15)
  The ghost of BlasphemerAmon the Grappler, a journeyman TrMo of Ashenzari (D:12)
  An ettin (D:15)
  A yaktaur captain (D:15)
  2 great orbs of eyes (D:15)
  Fannar (Lair:2)
  The ghost of greynaab the Marksant, a journeyman FoHu of Hepliaklqana (D:11)
  Erolcha (D:13)
  2 ogre magi (D:15)
  8 hydras
  3 catoblepae (Lair:5)
  A death knight (D:15)
  5 centaur warriors
  Erica (D:11)
  5 two-headed ogres
  5 boulder beetles
  The ghost of roninjake the Cleaver, a novice DsFi of Ru (D:9)
  A tengu warrior (D:12)
  9 death yaks
  An orc high priest (Orc:2)
  Urug (D:13)
  Sonja (D:10)
  6 skeletal warriors
  A skyshark (Lair:2)
  Amaemon (Lair:2)
  A flayed ghost (D:15)
  A phantasmal warrior (D:15)
  5 wizards
  5 orc knights
  2 wolf spiders
  4 manticores
  11 ugly things
  An orc sorcerer (Orc:2)
  A cyclops (shapeshifter) (D:12)
  9 cyclopes
  A guardian serpent (shapeshifter) (D:15)
  A black mamba (shapeshifter) (D:9)
  A naga mage (D:15)
  A gargoyle (D:10)
  9 cane toads
  12 elephants
  A torpor snail (Lair:4)
  3 black mambas
  An orange demon (Lair:2)
  A kobold demonologist (D:9)
  An unseen horror (D:12)
  A freezing wraith (D:15)
  3 rime drakes (Lair:3)
  6 komodo dragons
  A tengu conjurer (D:13)
  3 polar bears (Lair:5)
  A queen bee (D:12)
  A meliai (D:12)
  9 trolls
  A tarantella (shapeshifter) (D:14)
  Grinder (D:5)
  4 hornets
  27 blink frogs
  A snapping turtle (Lair:2)
  5 dream sheep (Lair:5)
  16 slime creatures
  Sigmund (D:3)
  A centaur simulacrum (D:15)
  12 spriggans (Lair:3)
  9 wyverns
  7 basilisks
  A vampire (D:13)
  A yak (shapeshifter) (D:13)
  2 wraiths (D:11)
  60 yaks
  5 hogs (D:14)
  16 vampire mosquitoes
  A steam dragon (Lair:3)
  5 wargs
  2 acid dragons
  11 water moccasins
  An ice beast (D:7)
  A black bear (Lair:4)
  41 orc warriors
  7 ogres
  14 wolves
  18 centaurs
  13 kobold brigands
  18 bullfrogs
  A necrophage (D:7)
  A gnoll sergeant (D:10)
  6 wights
  46 killer bees
  6 electric eels
  7 howler monkeys
  4 crimson imps (D:5)
  2 jellies
  18 orc priests
  2 gnoll boudas
  9 hell rats
  3 iguanas
  2 sleepcaps
  20 orc wizards
  A hound skeleton (D:7)
  9 gnolls
  10 adders
  A river rat (D:11)
  A shadow imp (D:7)
  2 white imps
  An ufetubus (D:5)
  3 dart slugs
  70 orcs
  8 endoplasms
  2 giant cockroaches (D:2)
  9 goblins
  5 hobgoblins
  4 quokkas (D:11)
  2 ball pythons
  10 bats
  2 frilled lizards
  27 kobolds
  5 rats
764 creatures vanquished.

Vanquished Creatures (others)
  An orc warrior (Orc:2)
  43 fungi
  72 plants
116 creatures vanquished.

Grand Total: 880 creatures vanquished

Notes
Turn   | Place    | Note
-------+----------+-------------------------------------------
     0 | D:5      | Reached skill level 9 in Stealth
     0 | D:5      | OldManVictorn the Gnoll Delver began the quest for the Orb.
     0 | D:5      | Reached XP level 1. HP: 23/23 MP: 1/1
    19 | D:5      | Noticed a sleepcap
    42 | D:5      | Killed a sleepcap
    43 | D:5      | Reached XP level 2. HP: 12/29 MP: 2/2
    43 | D:5      | Reached XP level 3. HP: 14/35 MP: 3/3
   154 | D:5      | Noticed a centaur
   160 | D:5      | Killed a centaur
   161 | D:5      | Reached skill level 1 in Long Blades
   161 | D:5      | Reached skill level 1 in Axes
   161 | D:5      | Reached skill level 1 in Maces & Flails
   161 | D:5      | Reached skill level 1 in Polearms
   161 | D:5      | Reached skill level 1 in Staves
   161 | D:5      | Reached skill level 1 in Ranged Weapons
   161 | D:5      | Reached skill level 1 in Throwing
   161 | D:5      | Reached skill level 1 in Armour
   161 | D:5      | Reached skill level 1 in Shields
   161 | D:5      | Reached skill level 1 in Unarmed Combat
   161 | D:5      | Reached skill level 1 in Spellcasting
   161 | D:5      | Reached skill level 1 in Conjurations
   161 | D:5      | Reached skill level 1 in Hexes
   161 | D:5      | Reached skill level 1 in Summonings
   161 | D:5      | Reached skill level 1 in Necromancy
   161 | D:5      | Reached skill level 1 in Translocations
   161 | D:5      | Reached skill level 1 in Transmutations
   161 | D:5      | Reached skill level 1 in Fire Magic
   161 | D:5      | Reached skill level 1 in Ice Magic
   161 | D:5      | Reached skill level 1 in Air Magic
   161 | D:5      | Reached skill level 1 in Earth Magic
   161 | D:5      | Reached skill level 1 in Poison Magic
   161 | D:5      | Reached skill level 1 in Invocations
   161 | D:5      | Reached skill level 1 in Evocations
   161 | D:5      | Reached XP level 4. HP: 41/41 MP: 3/5
   315 | D:5      | Found an iron altar of Okawaru.
   334 | D:5      | Noticed an ogre
   336 | D:5      | Reached XP level 5. HP: 47/47 MP: 7/7
   339 | D:5      | Killed an ogre
   372 | D:5      | Noticed a water moccasin
   543 | D:6      | Noticed a kobold brigand
   561 | D:6      | Identified the +6 spear of Ceul {drain, rPois}
   567 | D:6      | Found a sparkling altar of Nemelex Xobeh.
   577 | D:6      | Reached skill level 5 in Short Blades
   577 | D:6      | Reached skill level 5 in Dodging
   577 | D:6      | Reached XP level 6. HP: 53/53 MP: 7/9
   868 | D:6      | Found a broken altar of Ashenzari.
   879 | D:6      | Became a worshipper of Ashenzari the Shackled
  1146 | D:5      | Found a shimmering altar of Xom.
  1150 | D:5      | Reached XP level 7. HP: 60/60 MP: 10/10
  1205 | D:5      | Noticed Grinder
  1355 | D:4      | Found a bloodstained altar of Trog.
  1437 | D:4      | Reached skill level 10 in Stealth
  1896 | D:3      | Found a hazy altar of Hepliaklqana.
  1968 | D:3      | Noticed Sigmund
  2070 | D:3      | Killed Sigmund
  2071 | D:3      | Reached XP level 8. HP: 65/67 MP: 12/12
  2227 | D:2      | Found Xeufew's Weapon Shoppe.
  2751 | D:1      | Reached * piety under Ashenzari
  3427 | D:5      | Killed Grinder
  3484 | D:5      | Reached ** piety under Ashenzari
  3949 | D:7      | Found a staircase to the Ecumenical Temple.
  3971 | D:7      | Reached XP level 9. HP: 63/75 MP: 15/15
  4512 | D:7      | Identified the +0 leather armour "Sestaeh" {rC+}
  5026 | D:7      | Found a burning altar of Makhleb.
  5241 | D:7      | Learned a level 4 spell: Dispel Undead
  5266 | D:8      | Noticed a hornet
  5530 | D:8      | Reached skill level 5 in Invocations
  5793 | D:8      | Killed a hornet
  5860 | D:8      | Found a snail-covered altar of Cheibriados.
  5909 | D:8      | Noticed a two-headed ogre
  5930 | D:8      | Killed a two-headed ogre
  5931 | D:8      | Reached skill level 5 in Long Blades
  5931 | D:8      | Reached skill level 5 in Axes
  5931 | D:8      | Reached skill level 5 in Maces & Flails
  5931 | D:8      | Reached skill level 5 in Polearms
  5931 | D:8      | Reached skill level 5 in Staves
  5931 | D:8      | Reached skill level 5 in Ranged Weapons
  5931 | D:8      | Reached skill level 5 in Throwing
  5931 | D:8      | Reached skill level 5 in Armour
  5931 | D:8      | Reached skill level 5 in Shields
  5931 | D:8      | Reached skill level 5 in Unarmed Combat
  5931 | D:8      | Reached skill level 5 in Spellcasting
  5931 | D:8      | Reached skill level 5 in Evocations
  5931 | D:8      | Reached XP level 10. HP: 56/83 MP: 17/19
  6474 | D:9      | Reached skill level 11 in Stealth
  6484 | D:9      | Found a radiant altar of Vehumet.
  7367 | D:9      | Reached skill level 5 in Conjurations
  7367 | D:9      | Reached skill level 5 in Hexes
  7367 | D:9      | Reached skill level 5 in Summonings
  7367 | D:9      | Reached skill level 5 in Necromancy
  7367 | D:9      | Reached skill level 5 in Translocations
  7367 | D:9      | Reached skill level 5 in Transmutations
  7367 | D:9      | Reached skill level 5 in Fire Magic
  7367 | D:9      | Reached skill level 5 in Ice Magic
  7367 | D:9      | Reached skill level 5 in Air Magic
  7367 | D:9      | Reached skill level 5 in Earth Magic
  7367 | D:9      | Reached skill level 5 in Poison Magic
  7375 | D:9      | Reached XP level 11. HP: 34/91 MP: 21/21
  7480 | D:9      | Identified the +3 hand axe "Asmaa" {vamp, rN+}
  7657 | D:9      | Noticed a boulder beetle
  7711 | D:9      | Killed a boulder beetle
  8514 | D:8      | Upgraded the game from 0.31-a0-1-g4198be8af4 to
                  | 0.31-a0-4-gefa6de2278
  8635 | D:9      | Found a runed translucent gate.
  8635 | D:9      | Found a runed translucent gate.
  8635 | D:9      | Found a runed translucent gate.
  8638 | D:9      | Noticed roninjake's ghost (novice DsFi)
  8850 | D:10     | Entered Level 10 of the Dungeon
  9029 | D:10     | Noticed a boulder beetle
  9787 | D:10     | Killed a boulder beetle
  9900 | D:10     | Noticed Sonja
  9905 | D:10     | Killed Sonja
 10024 | D:10     | Learned a level 5 spell: Freezing Cloud
 10293 | D:11     | Noticed a wizard
 10298 | D:11     | Killed a wizard
 10333 | D:11     | Reached XP level 12. HP: 83/99 MP: 21/24
 10538 | D:11     | Found a runed translucent gate.
 10538 | D:11     | Found a runed translucent gate.
 10635 | D:11     | Identified a scroll of acquirement
 10646 | D:11     | Acquired 557 gold pieces
 10665 | D:11     | Found the +3 warlock's mirror {omnireflect}
 10676 | D:11     | Reached skill level 12 in Stealth
 10941 | D:11     | Noticed a two-headed ogre
 10941 | D:11     | Identified the +5 dagger "OldManVictorn's Bane" {flame, rF+
                  | Dex+3}
 10952 | D:11     | Killed a two-headed ogre
 11062 | D:11     | Noticed a death yak
 11066 | D:11     | Noticed a death yak
 11071 | D:11     | Killed a death yak
 11072 | D:11     | Reached skill level 10 in Fighting
 11073 | D:11     | Noticed a death yak
 11075 | D:11     | Killed a death yak
 11081 | D:11     | Found a staircase to the Lair.
 11099 | D:11     | Killed a death yak
 11403 | D:11     | Noticed a two-headed ogre
 11413 | D:11     | Killed a two-headed ogre
 11555 | D:11     | Found a blossoming altar of Fedhas.
 11757 | D:11     | Found a staircase to the Orcish Mines.
 11861 | D:11     | Found a runed translucent gate.
 11861 | D:11     | Identified the +0 leather armour of Exclusion {rPois rN+
                  | Will+ Int-5}
 11861 | D:11     | Noticed greynaab's ghost (journeyman FoHu)
 11933 | D:9      | Learned a level 5 spell: Metabolic Englaciation
 11962 | D:9      | Killed roninjake's ghost
 12165 | D:11     | Killed greynaab's ghost
 12372 | D:11     | Identified the +0 hat of Youthful Indiscretion {rElec rPois
                  | Int+2}
 12453 | D:11     | Noticed Erica
 12462 | D:11     | Killed Erica
 12463 | D:11     | Reached XP level 13. HP: 106/106 MP: 24/26
 13072 | D:12     | Found Ubaf's Magic Scroll Shoppe.
 13075 | D:12     | Bought a scroll of blinking for 97 gold pieces
 13075 | D:12     | Bought a scroll of blinking for 97 gold pieces
 13075 | D:12     | Bought a scroll of blinking for 97 gold pieces
 13442 | D:12     | Found a transporter.
 13447 | D:12     | Found a transporter.
 13518 | D:12     | Noticed BlasphemerAmon's ghost (journeyman TrMo)
 14474 | D:12     | Killed BlasphemerAmon's ghost
 14703 | D:13     | Noticed Jorgrun
 15216 | D:13     | Killed Jorgrun
 15217 | D:13     | Reached skill level 10 in Short Blades
 15217 | D:13     | Reached skill level 10 in Dodging
 15220 | D:13     | Noticed Frances
 15271 | Lair:1   | Entered Level 1 of the Lair of Beasts
 15283 | Lair:1   | Reached skill level 13 in Stealth
 16445 | Lair:2   | Noticed Amaemon
 16455 | Lair:2   | Killed Amaemon
 16699 | Lair:2   | Learned a level 4 spell: Passage of Golubria
 16711 | Lair:2   | Reached XP level 14. HP: 114/114 MP: 27/27
 16755 | Lair:2   | Reached skill level 10 in Invocations
 17391 | Lair:2   | Noticed Fannar
 17413 | Lair:2   | Killed Fannar
 17837 | Lair:2   | Found a staircase to the Shoals.
 18664 | Lair:3   | Found a hole to the Spider Nest.
 19161 | Lair:3   | Reached skill level 14 in Stealth
 19551 | Lair:4   | Reached *** piety under Ashenzari
 19826 | Lair:4   | Reached **** piety under Ashenzari
 20164 | Lair:5   | Entered Level 5 of the Lair of Beasts
 20322 | Lair:5   | Reached skill level 10 in Long Blades
 20322 | Lair:5   | Reached skill level 10 in Axes
 20322 | Lair:5   | Reached skill level 10 in Maces & Flails
 20322 | Lair:5   | Reached skill level 10 in Polearms
 20322 | Lair:5   | Reached skill level 10 in Staves
 20322 | Lair:5   | Reached skill level 10 in Ranged Weapons
 20322 | Lair:5   | Reached skill level 10 in Throwing
 20322 | Lair:5   | Reached skill level 10 in Armour
 20322 | Lair:5   | Reached skill level 10 in Shields
 20322 | Lair:5   | Reached skill level 10 in Unarmed Combat
 20322 | Lair:5   | Reached skill level 10 in Spellcasting
 20322 | Lair:5   | Reached skill level 10 in Evocations
 20412 | Lair:5   | Reached XP level 15. HP: 125/125 MP: 30/30
 21268 | Lair:5   | Found a viscous altar of Jiyva.
 21268 | Lair:5   | Found a staircase to the Slime Pits.
 21767 | Lair:5   | Reached skill level 15 in Stealth
 22048 | D:11     | Learned a level 6 spell: Iron Shot
 22099 | Orc:1    | Entered Level 1 of the Orcish Mines
 22731 | Orc:2    | Entered Level 2 of the Orcish Mines
 22869 | Orc:2    | Noticed an orc warlord
 22897 | Orc:2    | Killed an orc warlord
 23217 | Orc:2    | Found Rudefiq's Antique Weapon Shoppe.
 23217 | Orc:2    | Found Uhetiugg's Magic Scroll Boutique.
 23226 | Orc:2    | Found Lereq's Assorted Antiques.
 23229 | Orc:2    | Found Hukuw's Book Emporium.
 23262 | Orc:2    | Bought a potion of heal wounds for 135 gold pieces
 23545 | Orc:2    | Found Uwkum's Antique Armour Boutique.
 23704 | Orc:2    | Found a staircase to the Elven Halls.
 24017 | D:13     | Found a gate to the Vaults.
 24155 | D:13     | Found Xosy's Assorted Antiques.
 24319 | D:13     | Noticed Urug
 24322 | D:13     | Noticed Rupert
 24343 | D:13     | Noticed Erolcha
 24346 | D:13     | Killed Urug
 24354 | D:13     | Killed Rupert
 24355 | D:13     | Reached XP level 16. HP: 110/134 MP: 30/32
 24361 | D:13     | Killed Erolcha
 24497 | D:13     | Identified the +6 trident "Voemuj" {freeze, rElec rPois
                  | rF-}
 24689 | D:13     | Bought a transparent iron ring for 200 gold pieces
 24689 | D:13     | Identified the ring of Jaod {MP+9 Str+3 Int-5 Dex+6 Stlth+}
                  | (You bought it in a shop on level 13 of the Dungeon)
 24760 | D:13     | Identified the +7 quarterstaff of Peril {drain, Str+2 Int+3
                  | Dex+4}
 24782 | D:13     | Found an ornate altar of the Wu Jian Council.
 24975 | D:13     | Killed Frances
 25386 | D:14     | Noticed Kirke
 25434 | D:14     | Killed Kirke
 25666 | D:14     | Found a hazy altar of Hepliaklqana.
 25870 | D:15     | Entered Level 15 of the Dungeon
 26102 | D:15     | Found Uwuuhem's Antique Weapon Emporium.
 26127 | D:15     | Reached skill level 16 in Stealth
 26705 | D:15     | Noticed a storm dragon
 26720 | D:15     | Noticed a tengu reaver
 26723 | D:15     | Noticed a sphinx
 26763 | D:15     | Paralysed by a sphinx for 4 turns
 26764 | D:15     | Identified the -1 hat of the Circus Animal {rF+ Dex+3 SInv}
 26899 | D:15     | Found a staircase to the Depths.
 27200 | D:15     | Noticed a tengu reaver
 27229 | D:15     | HP: 2/124 [tengu reaver/bolt of negative energy (24)]
 27231 | D:15     | Killed from afar by a tengu reaver

Illustrated notes

Levels and vault maps discovered:
D:1:      lightli_arrival_chessboard, layout_loops_ring, serial_glass,
          glass_columns_a, glass_columns_a
D:2:      layout_basic, serial_shops, nicolae_shop_window_shopping,
          dk_vineyard_2
D:3:      layout_rooms, nicolae_overflow_hidden_temple, uniq_sigmund
D:4:      layout_rooms, lemuel_round_altar
D:5:      layout_basic, led_xom_imps, okawaru_gym_becter, grunt_decor_arrowhead,
          minmay_fountain_box, uniq_grinder
D:6:      layout_cave_pools, ashenzari_altar_1,
          mainiacjoe_overflow_cross_hatched
D:7:      layout_loops_cross, makhleb_blood_cavern_becter,
          minmay_temple_entry_slanted
D:8:      layout_rooms, lemuel_tele_altar, minmay_misc_feat_four_crosses,
          kennysheep_boxes
D:9:      nzn_winding_woodlands_cross [nzn_winding_woodlands_5x15_longhouse,
          nzn_winding_woodlands_5x15_garden,
          nzn_winding_woodlands_5x15_split_checker,
          nzn_winding_woodlands_5x15_pathside_ponds,
          nzn_winding_woodlands_15x15_boxy_spiral], layout_basic,
          vehumet_crystals, gammafunk_ghost_nasty_kobolds, minmay_holes
D:10:     layout_basic, uniq_sonja
D:11:     minmay_smoke_and_mirrors, layout_rooms, dpeg_lair_monsters,
          erik_orc_2, biasface_ghost_orc_armoury, fedhas_bush_and_centaur_altar,
          uniq_erica
D:12:     layout_stronghold, gammafunk_ghost_hive, serial_shops,
          kennysheep_mini_moat
D:13:     layout_big_octagon, david_vaults_1, serial_shops, nicolae_square_shop,
          dreamdust_princess_bridge, nicolae_wu_jian_glorious_leap,
          uniq_frances, uniq_erolcha, uniq_rupert, uniq_urug, uniq_jorgrun
D:14:     layout_cave_pools, nicolae_hepliaklqana_hippocampus, uniq_kirke
D:15:     hangedman_depths_entry_try_elsewhere_first, layout_irregular_city,
          minivault_14, serial_shops, shop, nicolae_rejected_hall
Lair:1:   layout_regular_city, serial_bayou_shore_a
Lair:2:   layout_cave_pods, minmay_shoals_entry_hut, uniq_fannar, uniq_amaemon
Lair:3:   wad_woods_minihive, layout_misc_corridors, spider_nest_entry_rubble,
          beast_lair_carwin_10
Lair:4:   layout_gridlike
Lair:5:   evilmike_catoblepas_cave, layout_long_grid, dpeg_slime_entry_enclosed,
          serial_bayou_lagoon_b
Orc:1:    layout_caves
Orc:2:    st_orc_rangers, layout_caves, serial_shops, shop_coins

Skill      XL: |  1  2  3  4  5  6  7  8  9 10 11 12 13 14 15 16 |
---------------+-------------------------------------------------+-----
Stealth        | 10 11 12 13 14 15 16 | 16.3
Long Blades    | 1 2 3 5 6 7 8 9 10 11 | 11.4
Axes           | 1 2 3 5 6 7 8 9 10 11 | 11.4
Maces & Flails | 1 2 3 5 6 7 8 9 10 11 | 11.4
Polearms       | 1 2 3 5 6 7 8 9 10 11 | 11.4
Staves         | 1 2 3 5 6 7 8 9 10 11 | 11.4
Ranged Weapons | 1 2 3 5 6 7 8 9 10 11 | 11.4
Throwing       | 1 2 3 5 6 7 8 9 10 11 | 11.4
Armour         | 1 2 3 5 6 7 8 9 10 11 | 11.4
Shields        | 1 2 3 5 6 7 8 9 10 11 | 11.4
Unarmed Combat | 1 2 3 5 6 7 8 9 10 11 | 11.4
Spellcasting   | 1 2 3 5 6 7 8 9 10 11 | 11.4
Conjurations   | 1 2 3 4 5 6 7 8 9 |  9.6
Hexes          | 1 2 3 4 5 6 7 8 9 |  9.6
Summonings     | 1 2 3 4 5 6 7 8 9 |  9.6
Necromancy     | 1 2 3 4 5 6 7 8 9 |  9.6
Translocations | 1 2 3 4 5 6 7 8 9 |  9.6
Transmutations | 1 2 3 4 5 6 7 8 9 |  9.6
Fire Magic     | 1 2 3 4 5 6 7 8 9 |  9.6
Ice Magic      | 1 2 3 4 5 6 7 8 9 |  9.6
Air Magic      | 1 2 3 4 5 6 7 8 9 |  9.6
Earth Magic    | 1 2 3 4 5 6 7 8 9 |  9.6
Poison Magic   | 1 2 3 4 5 6 7 8 9 |  9.6
Invocations    | 1 2 3 4 5 6 7 8 9 10 11 12 | 12.4
Evocations     | 1 2 3 5 6 7 8 9 10 11 | 11.4
Short Blades   | 5 6 7 8 9 10 11 12 | 12.3
Dodging        | 5 6 7 8 9 10 11 12 | 12.3
Fighting       | 7 8 9 10 11 12 13 | 13.1

Action                     |  1- 3 |  4- 6 |  7- 9 | 10-12 | 13-15 | 16-18 || total
---------------------------+-------+-------+-------+-------+-------+-------++-------
  Melee: Short sword       |    18 |    11 |       |       |       |       ||    29
         Bite              |     3 |     3 |    31 |    97 |   158 |    58 ||   350
         Punch             |     1 |     1 |     7 |       |       |       ||     9
         Spear             |       |    26 |   362 |   629 |  1172 |   337 ||  2526
         Dagger            |       |       |       |       |    54 |    23 ||    77
  Throw: Dart              |       |     1 |     6 |    78 |    97 |    14 ||   196
   Cast: Dispel Undead     |       |       |       |    10 |    21 |       ||    31
         Freezing Cloud    |       |       |       |    17 |    63 |    11 ||    91
         Metabolic Englaci |       |       |       |     1 |     7 |       ||     8
         Iron Shot         |       |       |       |       |     3 |    12 ||    15
         Passage of Golubr |       |       |       |       |     1 |     2 ||     3
 Invoke: Curse Item        |       |       |     4 |     1 |     5 |       ||    10
         Shatter the Chain |       |       |     1 |     2 |       |       ||     3
  Evoke: Wand              |       |       |     2 |    31 |    14 |     7 ||    54
         Condenser vane    |       |       |       |       |       |     1 ||     1
    Use: Potion            |     1 |       |       |     6 |     5 |    10 ||    22
         Scroll            |       |     1 |       |     8 |       |     3 ||    12
   Stab: Sleeping          |     1 |     6 |    30 |     7 |    39 |    10 ||    93
         Distracted        |       |       |     2 |     2 |     7 |       ||    11
         Invisible         |       |       |       |     2 |     2 |       ||     4
         Paralysed         |       |       |       |       |     2 |       ||     2
 Armour: Leather armour    |     1 |     6 |    67 |    65 |       |       ||   139
         Troll leather arm |       |       |       |    26 |   211 |    90 ||   327
  Dodge: Dodged            |     6 |    30 |   158 |   247 |   606 |   214 ||  1261
  Block: Buckler           |       |       |       |   187 |   523 |   141 ||   851
         Reflection        |       |       |       |     8 |    69 |    13 ||    90

Table legend: (Time is in decaauts)
 A = Elapsed time spent in this place.
 B = Non-inter-level travel time spent in this place.
 C = Inter-level travel time spent in this place.
 D = Time resting spent in this place.
 E = Time spent auto-exploring this place.
 F = Levels seen in this place.
 G = Mean time per level.
                   A        B        C        D        E       F      G
               +--------+--------+--------+--------+--------+-----+--------+
         Total |  26412 |  25008 |   1404 |   7189 |  10930 |  22 | 1200.5 |
       Dungeon |  18321 |  17380 |    941 |   5426 |   6867 |  15 | 1221.4 |
          Lair |   6542 |   6156 |    386 |   1487 |   3219 |   5 | 1308.4 |
  Orcish Mines |   1548 |   1473 |     75 |    276 |    844 |   2 |  774.0 |
               +--------+--------+--------+--------+--------+-----+--------+

Top non-repeatable levels by time:
    D:12: 2559 daAuts
     D:9: 2485 daAuts
    D:11: 1907 daAuts
    D:10: 1752 daAuts
  Lair:5: 1705 daAuts
  Lair:2: 1593 daAuts
     D:7: 1315 daAuts
    D:15: 1275 daAuts
  Lair:3: 1271 daAuts
     D:8: 1231 daAuts
  Lair:1: 1185 daAuts
    D:13: 1182 daAuts
     D:5: 1018 daAuts
   Orc:2: 1015 daAuts
  Lair:4: 786 daAuts
